 Dungeon Crawl Stone Soup version 0.30-a0-358-g0d69a1922f (webtiles) character file.

Game seed: 4735552016650445047

6 iguanaiguana the Shield-Bearer (level 1, 11/11 HPs)
             Began as a Vine Stalker Fighter on Nov 10, 2022.
             Got out of the dungeon alive.
             The game lasted 00:00:28 (304 turns).

iguanaiguana the Shield-Bearer (VSFi)                Turns: 304, Time: 00:00:28

Health: 11/11      AC:  6    Str: 18    XL:     1   Next: 90%
Magic:  2/2        EV:  9    Int:  8    God:
Gold:   30         SH:  4    Dex: 13    Spells: 0/0 levels left

rFire   . . .      SeeInvis .      - Unarmed
rCold   . . .      Faith    .    b - +0 buckler
rNeg    . . .      Spirit   +    a - +0 scale mail
rPois   .          Reflect  .    (no helmet)
rElec   .          Harm     .    (no cloak)
rCorr   .          Rampage  .    (no gloves)
Will    .....                    (no boots)
Stlth   ..........               (no amulet)
HPRegen 0.21/turn                (no ring)
MPRegen 0.08/turn                (no ring)

@: no status effects
A: fangs 2, magic shield, antimagic bite, no potion heal 2
a: no special abilities


You escaped.
You visited 1 branch of the dungeon, and saw 1 of its levels.

You collected 30 gold pieces.

Inventory:

Armour
 a - a +0 scale mail (worn)
 b - a +0 buckler (worn)
Potions
 c - a potion of might {@q3}
 d - a potion of flight {unknown}


   Skills:
 - Level 2.6 Fighting
 - Level 2.4 Armour
 - Level 2.6 Shields
 + Level 2.6 Unarmed Combat


You couldn't memorise any spells.
You didn't know any spells.
Your spell library was empty.

Dungeon Overview and Level Annotations

Branches:
Dungeon (1/15) Zot: 5696

Altars:


Innate Abilities, Weirdness & Mutations

You have extremely sharp teeth.
When hurt, damage is shared between your health and your magic reserves.
Your bite disrupts and absorbs the magic of your enemies.
Potions cannot restore your health.


Message History

You hit the endoplasm.
You kill the endoplasm!
No target in view!
A kobold comes into view. It is wielding a +0 club.
The kobold shouts!
The kobold throws a stone.
A kobold is nearby!
The kobold throws a stone.
You closely miss the kobold. You hit the kobold.
You kill the kobold!
No target in view! a +0 club; 3 stones; a kobold corpse You now have 13 gold pieces.
Found a mace.
You now have 20 gold pieces (gained 7).
You now have 30 gold pieces (gained 10).
A hobgoblin comes into view.
The hobgoblin shouts!
Unknown command.
A hobgoblin is nearby!
A hobgoblin comes into view.
You hit the hobgoblin but do no damage. You drain its power.
The hobgoblin is severely wounded.
You hit the hobgoblin.
You kill the hobgoblin!
You see here a scroll labelled LUD DIFOOPT.
You closely miss the hobgoblin. You hit the hobgoblin.
You bite the hobgoblin, but do no damage.
The hobgoblin is severely wounded.
The hobgoblin hits you.
You barely miss the hobgoblin. You drain its power.
You feel invigorated.
The hobgoblin is almost dead.
You hit the hobgoblin.
You kill the hobgoblin!
No target in view!
There is a staircase leading out of the dungeon here.
Are you sure you want to leave the Dungeon?
This will make you lose the game!
You have escaped!

.###...#####.#.#..'..#
.#####.###...#.#.###.#
.....#..##.#.#...# #.#
####.##..#.#.##### #.####
)..#.....#.#.# #.##.##
##.#####...#.# #.##..## .....#
#.#>..#######.##...# .#.#.#
#.#####.....#..'.8.# .#...#
#...###.#@#.#.##...#
)#########.#.#.....#.##..##
.######....#.##...##.##.##
.##.....####.###'###.##'#####
.##.....####.# #.....#......#
.##..........# #####.'......#
.##.....####.#######.#........#
.##.....# #.........########..
.##.....# ########### #


There were no monsters in sight!

Vanquished Creatures
  An endoplasm (D:1)
  2 hobgoblins (D:1)
  2 kobolds (D:1)
5 creatures vanquished.

Vanquished Creatures (others)
  5 toadstools (D:1)
5 creatures vanquished.

Grand Total: 10 creatures vanquished

Notes
Turn   | Place    | Note
-------+----------+-------------------------------------------
     0 | D:1      | iguanaiguana the Vine Stalker Fighter began the quest for
                  | the Orb.
     0 | D:1      | Reached XP level 1. HP: 11/11 MP: 2/2
   304 | D:$      | Got out of the dungeon alive.

Illustrated notes

Levels and vault maps discovered:
D:1:      dpeg_arrival_renting, layout_basic, minmay_gold_behind_fungi,
          chequers_arboretum, grunt_decor_resistance, minmay_split_cup_large

Action                   || total
-------------------------++-------
Melee: Unarmed           ||    10
       Bite              ||     5
Armor: Scale mail        ||     3
Dodge: Dodged            ||     1
Block: Buckler           ||     4

Table legend: (Time is in decaauts)
 A = Elapsed time spent in this place.
 B = Non-inter-level travel time spent in this place.
 C = Inter-level travel time spent in this place.
 D = Time resting spent in this place.
 E = Time spent auto-exploring this place.
 F = Levels seen in this place.
 G = Mean time per level.
                   A        B        C        D        E       F      G
               +--------+--------+--------+--------+--------+-----+--------+
         Total |    303 |    254 |     49 |      0 |    217 |   1 |  303.0 |
       Dungeon |    303 |    254 |     49 |      0 |    217 |   1 |  303.0 |
               +--------+--------+--------+--------+--------+-----+--------+

Top non-repeatable levels by time:
     D:1: 303 daAuts
